Map: Moonlight Madness LE (Void)

Players

Beastyqt - Winner!

  • Race: Terran Terran
  • League: Diamond

AcerBly (Bly)

  • Race: Zerg Zerg
  • League: Master

VOD

Have the link to the VOD?

Description

Time

  • Played on: Sept. 5, 2015, 6:46 p.m.
  • Length: 13:46
Show
View Real Time Build Order
Export as new Build Order

Beastyqt Terran - Winner!

Build Orders: 1/1/1, Liberator Opening, MMM Bio 

Get SALT Encoding   

  12  0:01  SCV  
  13  0:13  SCV  
  14  0:18  Supply Depot  
  14  0:26  Refinery  
  14  0:28  SCV  
  15  0:40  SCV  
  16  0:45  Barracks  
  16  0:52  SCV  
  17  1:01  Refinery  
  18  1:04  SCV  
  18  1:16  SCV  
  19  1:28  SCV  
  20  1:34  Marine  
  20  1:35  Factory  
  21  1:43  Orbital Command  
  21  1:52  Marine  
  22  1:58  Supply Depot  
  22  2:09  SCV  
  22  2:11  Barracks Reactor  
  23  2:19  Starport  
  23  2:24  SCV  
  24  2:31  Armory  
  24  2:36  SCV  
  25  2:39  Liberator  
  25  2:48  SCV  
  29  2:59  Supply Depot  
  29  3:03  SCV  
  30  3:20  SCV  
  30  3:21  Hellion x2  
  30  3:22  Supply Depot, Liberator  
  35  3:34  Supply Depot  
  34  3:39  SCV  
  38  3:48  Bunker  
  38  3:56  SCV, Hellion x2  
  43  4:05  Supply Depot x2  
  43  4:09  Liberator  
  44  4:17  Hellion  
  44  4:21  Hellion  
  50  4:40  Command Center  
  50  4:43  SCV  
  50  4:45  Hellion x4  
  51  4:50  Barracks  
  51  4:55  SCV  
  51  4:58  Liberator  
  52  5:06  Engineering Bay, Barracks  
  50  5:07  Supply Depot  
  50  5:18  SCV  
  52  5:21  Marine x2  
  52  5:31  Widow Mine  
  54  5:38  SCV  
  54  5:39  Marine x2  
  54  5:40  Barracks Tech Lab, Missile Turret  
  54  5:41  Liberator  
  54  5:54  SCV  
  54  5:56  Barracks Reactor  
  57  6:10  Bunker  
  54  6:12  SCV, Supply Depot  
  54  6:14  Stimpack  
  54  6:15  Missile Turret  
  53  6:26  Marine  
  53  6:28  Marine x2  
  53  6:32  Missile Turret  
  56  6:37  Orbital Command  
  56  6:38  SCV  
  57  6:46  Marine x3  
  60  6:49  Terran Infantry Weapons Level 1  
  60  6:53  Missile Turret  
  60  6:57  Marine  
  60  7:00  Marine  
  62  7:04  Factory Reactor  
  62  7:06  Marine x2  
  62  7:08  Marine  
  65  7:13  SCV x2  
  65  7:15  Marine  
  68  7:19  Engineering Bay  
  68  7:21  Marine  
  69  7:24  Marine x2  
  69  7:26  Marine  
  72  7:38  Command Center, Marine  
  72  7:39  Marine  
  72  7:42  Marine  
  75  7:48  Terran Infantry Armor Level 1, Supply Depot, Marine x2  
  77  7:56  Factory Reactor, Marine  
  77  7:57  SCV, Marine  
  80  7:59  SCV  
  80  8:00  Marine  
  80  8:02  Refinery  
  82  8:06  Marine x2  
  82  8:09  SCV  
  85  8:14  Marine  
  85  8:15  Marine  
  85  8:17  SCV  
  85  8:18  Marine  
  89  8:20  Refinery  
  89  8:24  Marine  
  90  8:27  Combat Shields, Marine  
  90  8:29  Medivac  
  90  8:30  Medivac  
  90  8:31  Marine  
  90  8:34  Marauder  
  98  8:36  Marine  
  98  8:38  SCV  
  98  8:40  SCV  
  100  8:41  Marine  
  100  8:44  Marine  
  100  8:45  Terran Ship Weapons Level 1  
  102  8:49  Marine, Widow Mine  
  102  8:52  Supply Depot  
  102  8:53  Marine  
  103  8:57  SCV  
  104  9:04  Marine  
  104  9:07  Marine  
  104  9:08  Marine x2  
  104  9:09  SCV  
  102  9:12  SCV  
  102  9:13  Medivac x2  
  107  9:17  Supply Depot  
  107  9:21  SCV  
  107  9:23  Terran Infantry Weapons Level 2, Marine  
  108  9:27  SCV  
  108  9:29  Marine  
  108  9:30  Marauder, Marine x2  
  105  9:36  Orbital Command  
  104  9:40  SCV  
  104  9:41  Marine  
  106  9:46  Bunker  
  106  9:47  Marine x2  
  106  9:48  Marine  
  106  9:51  Marine  
  110  9:53  SCV  
  110  9:56  SCV  
  110  9:59  Widow Mine x2, Marine  
  113  10:01  Medivac x2  
  113  10:02  SCV  
  113  10:05  SCV, Marine  
  124  10:08  SCV  
  124  10:11  Supply Depot  
  124  10:14  Terran Infantry Armor Level 2  
  125  10:15  Marine x2  
  125  10:20  Supply Depot  
  127  10:24  Barracks  
  127  10:34  Marine x2  
  127  10:35  Marauder  
  131  10:38  Barracks  
  131  10:40  Barracks  
  131  10:42  SCV  
  132  10:47  Marine x2  
  132  10:48  Medivac  
  132  10:49  Medivac  
  138  10:51  Supply Depot  
  138  10:52  Refinery x2  
  138  10:56  Marauder  
  140  11:04  Marine x2  
  138  11:05  SCV x2  
  138  11:10  Marine x2  
  138  11:11  Barracks Tech Lab  
  139  11:16  Barracks  
  139  11:23  Terran Ship Weapons Level 2  
  139  11:25  SCV  
  137  11:30  Liberator x2  
  137  11:32  Command Center  
  124  11:35  Marauder x2, Marine x2  
  124  11:37  Marine  
  128  11:40  Marine  
  128  11:48  Widow Mine x2  
  128  11:52  Barracks Reactor, Marine  
  128  11:53  Marine  
  140  11:56  Marauder  
  140  11:58  Marine  
  141  12:04  Barracks Reactor  
  141  12:07  Starport  
  141  12:08  Starport  
  137  12:12  Starport  
  137  12:13  Barracks Tech Lab  
  137  12:17  Liberator x2  
  137  12:19  Armory  
  137  12:21  Concussive Shells  
  142  12:46  Starport Tech Lab x2  
  142  12:53  Command Center  
  141  13:01  Missile Turret x2  
  141  13:02  Sensor Tower, Missile Turret  
  135  13:13  Starport Tech Lab  
  129  13:21  Marine  
  129  13:22  Marauder x2, Marine x4  
  129  13:23  Marine  
  129  13:25  SCV  
  133  13:31  Fusion Core  
Show
View Real Time Build Order
Export as new Build Order

AcerBly Zerg 

Build Orders: Hatch First 

Get SALT Encoding   

  12  0:01  Drone  
  13  0:12  Overlord  
  13  0:19  Drone  
  14  0:31  Drone x2, Extractor  
  16  0:36  Drone  
  17  0:53  Hatchery  
  16  0:57  Drone  
  17  1:09  Extractor  
  16  1:12  Spawning Pool  
  16  1:13  Drone  
  16  1:17  Drone  
  17  1:21  Drone  
  18  1:29  Drone  
  19  1:46  Overlord  
  19  1:59  Queen  
  19  2:01  Zergling x2  
  22  2:06  Queen  
  22  2:08  Zergling x4  
  26  2:10  Metabolic Boost  
  26  2:26  Zergling x6  
  29  2:33  Zergling x2  
  30  2:41  Overlord  
  30  2:42  Drone  
  31  2:57  Overlord  
  31  2:58  Lair  
  31  3:07  Drone x5  
  36  3:14  Overlord x2  
  36  3:22  Drone x2  
  38  3:31  Drone  
  38  3:32  Drone x3  
  42  3:41  Drone x4  
  46  3:50  Drone x4  
  46  3:52  Extractor x2  
  46  3:54  Extractor  
  47  3:57  Spore Crawler  
  47  4:00  Spore Crawler  
  44  4:10  Overlord  
  42  4:25  Spire  
  41  4:35  Drone x2  
  41  4:36  Drone  
  42  4:46  Evolution Chamber  
  42  4:49  Evolution Chamber  
  35  4:56  Evolution Chamber  
  35  4:59  Drone x2  
  36  5:12  Drone x2, Spine Crawler  
  36  5:13  Drone  
  37  5:24  Queen  
  33  5:40  Mutalisk  
  24  5:58  Mutalisk  
  24  6:09  Drone x2  
  25  6:12  Drone  
  25  6:16  Drone  
  27  6:30  Drone x3  
  30  6:39  Queen  
  32  6:50  Corruptor x2  
  36  6:59  Corruptor  
  38  7:04  Corruptor  
  40  7:13  Drone x4  
  40  7:15  Drone  
  45  7:25  Drone x2  
  45  7:26  Drone x2  
  49  7:34  Drone x2  
  49  7:35  Drone  
  52  7:38  Drone  
  53  7:44  Corruptor  
  55  7:52  Drone x3  
  55  7:58  Overlord  
  58  8:08  Roach Warren  
  57  8:21  Drone x3, Overlord  
  57  8:22  Overlord x2  
  60  8:31  Drone x3  
  63  8:39  Spine Crawler x2  
  61  8:44  Queen x2  
  69  8:48  Roach x3  
  69  8:49  Roach  
  69  8:50  Roach  
  75  9:05  Roach x5  
  78  9:11  Roach x2  
  78  9:12  Ravager x2  
  78  9:13  Ravager  
  81  9:20  Roach x2  
  77  9:44  Drone x5  
  77  9:45  Drone x4  
  86  9:49  Ravager x2  
  87  9:59  Hatchery  
  86  10:07  Infestation Pit  
  85  10:19  Evolution Chamber  
  84  10:37  Roach x4  
  84  10:38  Overlord  
  84  10:39  Overlord x6  
  92  10:45  Zerg Missile Weapons Level 1  
  92  10:59  Ravager x2  
  83  11:24  Hatchery, Extractor  
  81  11:28  Extractor  
  80  11:37  Overseer  
  80  11:38  Spore Crawler  
  73  11:40  Infestor x2  
  73  11:41  Infestor  
  79  11:48  Hatchery  
  77  12:10  Hydralisk Den  
  77  12:15  Infestor x2  
  80  12:28  Drone x7  
  87  12:42  Hydralisk x3  
  93  12:55  Hatchery  
Tags
 
Add a new tag
Caveats
  • Supply blocks, unpowered buildings, or Contaminate may cause inaccurate times.
  • Supply counts are checked every 10 seconds.